Unix xNetHack Version 8.0.0 - last build Mar 23 2024 02:42:02 (1964348d4f5f1cf1067ea9968e02252fcc83c468). Game began 2024-03-24 11:33:31, ended 2024-03-24 11:47:08. Catomat, neutral female human Wizard ------ ----- |..$.| |~..| |....| |...| |....| |..<| |@...| |((.| |.Zf.| | |...| |..... ....| ---.- -)--.- | #### ## # # ### # # # ### ### ###### -|--.----|- |.........| |.........| ----------- Catomat the Conjurer St:7 Dx:15 Co:14 In:18 Wi:11 Ch:9 Neutral S:505 Dlvl:4 $:41 HP:0(23) Pw:16(24) AC:8 Xp:3/71 T:1144 Latest messages: The spell hits it. You kill it! Mewmew eats a floating eye corpse. You swap places with Mewmew. You hear some noises in the distance. You swap places with Mewmew. The door opens. This door is locked. This door is locked. In what direction? Whammm!! In what direction? You kick the door. The door crashes open! The dagger hits Mewmew. Mewmew bites it. You swap places with Mewmew. There is a broken door here. You see here a dagger. You kill the grid bug! The hobbit throws a dart! You are hit by a dart. In what direction? The spell hits the hobbit. You kill the hobbit! There are several objects here. The orc zombie scratches you! You miss the iguana. Mewmew bites the orc zombie. The orc zombie misses Mewmew. The orc zombie scratches you! The iguana bites! Mewmew bites the orc zombie. You miss the iguana. Mewmew misses the orc zombie. Mewmew misses the orc zombie. Mewmew bites the orc zombie. The orc zombie misses Mewmew. The iguana bites! In what direction? The spell hits the iguana! You kill the iguana! Mewmew misses the orc zombie. Mewmew misses the orc zombie. Mewmew misses the orc zombie. Mewmew eats a hobbit corpse. The orc zombie scratches you! You die... Do you want your possessions identified? [ynq] (y) Do you want to see your attributes? [ynq] (y) Inventory: Inventory: 434/575 weight (20/52 slots) Coins $ - 41 gold pieces {1} Weapons r - a +0 dagger {10} a - a blessed +1 quarterstaff (weapon in hands) {40} Armor h - a blessed +0 orcish helm (being worn) {23} b - an uncursed +0 cloak of magic resistance (being worn) {8} Comestibles q - 3 uncursed apples {6} k - an uncursed sprig of wolfsbane {1} j - 2 uncursed lichen corpses {40} Scrolls s - a blessed scroll of enchant weapon {5} p - an uncursed scroll of punishment {5} Spellbooks f - an uncursed spellbook of detect monsters {45} c - a blessed spellbook of force bolt {35} e - an uncursed spellbook of jumping {40} o - an uncursed spellbook of magic mapping {55} d - a blessed spellbook of magic missile {40} Potions l - an uncursed potion of fruit juice {20} n - a cursed potion of healing {20} g - an uncursed potion of see invisible {20} Wands m - a wand of fire (0:3) {7} t - a wand of magic missile (0:3) {7} u - a wand of probing (0:5) {7} Catomat the Wizard's attributes: Background: You were a Conjurer, a level 3 female human Wizard. You were neutral, nominally on a mission for Thoth who was opposed by Ptah (lawful) and Anhur (chaotic). You were heterosexual. You were in the Dungeons of Doom, on level 4. You entered the dungeon 1144 turns ago. There was a full moon in effect when your adventure ended. You had 71 experience points, 9 more were needed to attain level 4. Your score was 505 before end-of-game adjustments. Basics: You had 0 out of 23 hit points. You had 16 out of 24 energy points (spell power). Your armor class was 8. Your wallet contained 41 zorkmids. Autopickup was on for '$"?!=/' plus thrown. Final Characteristics: Your strength was 7 (peak:9, limit:18/100). Your dexterity was 15 (limit:18). Your constitution was 14 (limit:18). Your intelligence was 18 (limit:18). Your wisdom was 11 (limit:18). Your charisma was 9 (limit:18). Final Status: You were not hungry. You were unencumbered. You were wielding a quarterstaff. You had basic skill with quarterstaff. Final Attributes: You were devoutly aligned. You were magic-protected. You were warded. You were lucky. You are dead. Miscellaneous: You never encountered a bones level. Total elapsed playing time was 13 minutes and 33 seconds. Major events: Turn 1: Catomat the neutral female human Wizard entered the dungeon 538: attained the rank of Conjurer (level 3) 575: entered the Gnomish Mines 1144: killed by an orc zombie Vanquished creatures: a floating eye a homunculus an iguana 2 hobbits a giant rat 4 jackals a kobold a goblin 2 sewer rats 2 grid bugs 6 lichens 6 newts 28 creatures vanquished. No species were genocided or became extinct. Voluntary challenges: You were an atheist. You read items or engraved 6 times. You never genocided any monsters. You never polymorphed an object. You never changed form. You never touched an artifact. You used no wishes. You never scared an enemy with impunity. You were celibate. You never generated conflict. Achievements: You attained the rank of Conjurer. You entered the Gnomish Mines. Dungeon overview: The Dungeons of Doom: levels 1 to 4 Level 1: A fountain. Level 2: A fountain. Stairs down to The Gnomish Mines. Level 3: A fountain. Level 4: <- You were here. Final resting place for you, killed by an orc zombie. The Gnomish Mines: Level 3: Game over: __________ / \ / REST \ / IN \ / PEACE \ / \ | Catomat | | 41 Au | | killed by an orc | | zombie | | | | | | 2024 | *| * * * | * _________)/\\_//(\/(/\)/\//\/|_)_______ Goodbye Catomat the Wizard... You died in The Dungeons of Doom on dungeon level 4 with 501 points, and 41 pieces of gold, after 1144 moves. You were level 3 with a maximum of 23 hit points when you died.